 Dungeon Crawl Stone Soup version 0.30.1-11-g7821555f0a (webtiles) character file.

Game seed: 2690560510044206582

18 KittyFluff the Trooper (level 2, 0/28 HPs)
             Began as a Gargoyle Berserker on Nov 10, 2023.
             Was a Follower of Trog.
             Slain by Natasha (5 damage)
             ... on level 2 of the Dungeon.
             The game lasted 00:03:39 (859 turns).

KittyFluff the Trooper (Gargoyle Berserker)          Turns: 859, Time: 00:03:39

Health: 0/28       AC:  6    Str: 20    XL:     2   Next: 66%
Magic:  2/2        EV: 11    Int:  7    God:    Trog [*.....]
Gold:   56         SH:  0    Dex:  9    Spells: 1/1 levels left

rFire   . . .        a - +0 mace
rCold   . . .        (no shield)
rNeg    + . .        j - +0 leather armour
rPois   ∞            (no helmet)
rElec   +            (no cloak)
rCorr   .            (no gloves)
SInv    .            (no boots)
Will    .....        (no amulet) Stlth
                     (no ring)
HPRegen 0.24/turn    (no ring)
MPRegen 0.08/turn

%: no passive effects
@: berserking, slowed
A: sickness immunity, AC +2, negative energy resistance 1, electricity
resistance, torment resistance 1, petrification resistance
a: Renounce Religion, Berserk


You were on level 2 of the Dungeon.
You worshipped Trog.
Trog was aware of your devotion.
You visited 1 branch of the dungeon, and saw 2 of its levels.

You collected 56 gold pieces.

Inventory:

Hand Weapons
 a - a +0 mace (weapon)
 b - the +3 war axe of Calamity {drain, +Blink rC+ rCorr Dex+4}
   (You found it on level 2 of the Dungeon)

   Dex:       It affects your dexterity (+4).
   rC:        It protects you from cold.
   +Blink:    It lets you blink.
   rCorr:     It protects you from acid and corrosion.
 g - a +0 quarterstaff
Missiles
 c - 6 atropa-tipped darts (quivered)
Armour
 j - a +0 leather armour (worn)
Scrolls
 e - a scroll of identify {unknown}
 f - a scroll of noise {unknown}
 k - a scroll of teleportation {unknown}
 l - a scroll of fear {unknown}
Potions
 d - a potion of haste {unknown}
 h - a potion of mutation {unknown}
 i - 2 potions of invisibility {unknown}
 m - a potion of flight {unknown}


   Skills:
 + Level 3.4 Fighting
 * Level 3.3 Maces & Flails
 * Level 2.5 Armour
 + Level 1.7 Dodging
 + Level 0.7 Stealth


You had one spell level left.
You didn't know any spells.
Your spell library was empty.

Dungeon Overview and Level Annotations

Branches:
Dungeon (2/15)

Altars:

Annotations:
D:2 Natasha


Innate Abilities, Weirdness & Mutations

You are immune to sickness and miasma.
Your stone body is resilient. (AC +2)
You are immune to poison.
You resist negative energy. (rN+)
You are resistant to electric shocks. (rElec)
You are resistant to unholy torment.
You are immune to petrification.


Message History

Found a stone staircase leading down.
Found a stone staircase leading up.
Found 8 stones.
The endoplasm quivers.
You hit the endoplasm.
The endoplasm is moderately wounded.
The endoplasm hits you but does no damage.
You sock the endoplasm!
You kill the endoplasm!
Trog accepts your kill.
Found 8 gold pieces.
Found a scroll labelled FUEXZO JOEGY.
Found a scroll labelled RIUMAC AMMININ.
You now have 56 gold pieces (gained 8).
k - a scroll labelled RIUMAC AMMININ A rat comes into view.
You barely miss the rat. You punch the rat, but do no damage.
The rat barely misses you.
You hit the rat.
You kill the rat!
Trog accepts your kill.
Found Great Wizards, Vol.
VII.
l - a scroll labelled FUEXZO JOEGY You see here 8 stones.
Found a cyan potion.
m - a cyan potion Natasha, Servant of Life and Death comes into view.
Natasha hisses angrily.
Natasha casts a spell at you.
You feel yourself slow down. Natasha claws you. Natasha casts a spell at you.
The magic dart hits you.
You closely miss Natasha. Natasha claws you. x2
* * * LOW HITPOINT WARNING * * *
A red film seems to cover your vision as you go berserk!
You feel yourself moving faster!
You feel mighty! Natasha claws you but does no damage.
You closely miss Natasha. Natasha closely misses you. Natasha claws you.
You die...

#.# # #.# # ##########.#
#
...........#############
#..........#............
...........#+#.....#....
...................#....
...................+....
......h@...........#....
......##................
..... #...#....#....###
.... #...#.####.......
... ........ +......> ..
..#####.## #....... . ..
#+####....... .
........... ..###.......


You could see Natasha.

Vanquished Creatures
  A dart slug (D:1)
  2 ball pythons (D:1)
  A bat (D:1)
  2 endoplasms
  A giant cockroach (D:1)
  A goblin (D:1)
  2 hobgoblins (D:1)
  2 frilled lizards (D:1)
  2 kobolds (D:1)
  A rat (D:2)
15 creatures vanquished.

Notes
Turn   | Place    | Note
-------+----------+-------------------------------------------
     0 | D:1      | KittyFluff the Gargoyle Berserker began the quest for the
                  | Orb.
     0 | D:1      | Reached XP level 1. HP: 14/14 MP: 1/1
    34 | D:1      | Found a faded altar of an unknown god.
   130 | D:1      | Reached XP level 2. HP: 8/19 MP: 2/2
   540 | D:2      | Identified the +3 war axe of Calamity {drain, +Blink rC+
                  | rCorr Dex+4}
   852 | D:2      | Noticed Natasha
   859 | D:2      | Slain by Natasha

Illustrated notes

Levels and vault maps discovered:
D:1:      minmay_arrival_stair_chambers, layout_rooms,
          hellmonk_ecumenical_altar_arch_garden
D:2:      layout_basic, uniq_terence, uniq_natasha

Action                     || total
---------------------------++-------
  Melee: Mace              ||    46
         Punch             ||     1
 Invoke: Berserk           ||     1
   Stab: Sleeping          ||     1
 Armour: Animal skin       ||    18
         Leather armour    ||     2
  Dodge: Dodged            ||    31
